Map: Orbital Shipyard

Players

CunningStunt

  • Race: Protoss Protoss
  • League: Gold

cALpiCo - Winner!

  • Race: Zerg Zerg
  • League: Gold

VOD

Have the link to the VOD?

Description

Time

  • Played on: Sept. 9, 2015, 7:34 a.m.
  • Length: 19:53
Show
View Real Time Build Order
Export as new Build Order

CunningStunt Protoss 

Build Orders: 1 Gate Expand 

Get SALT Encoding   

  12  0:00  Probe (Chrono Boost)  
  13  0:10  Probe (Chrono Boost)  
  14  0:18  Pylon  
  14  0:21  Probe (Chrono Boost)  
  15  0:36  Probe (Chrono Boost)  
  15  0:38  Gateway  
  16  0:46  Probe (Chrono Boost)  
  17  0:56  Probe (Chrono Boost)  
  18  1:15  Nexus  
  18  1:20  Assimilator  
  18  1:41  Cybernetics Core  
  18  1:48  Probe (Chrono Boost)  
  18  1:53  Assimilator  
  19  1:58  Probe (Chrono Boost)  
  19  1:59  Pylon  
  20  2:08  Probe (Chrono Boost)  
  21  2:18  Probe (Chrono Boost)  
  22  2:28  Mothership Core (Chrono Boost)  
  24  2:30  Probe (Chrono Boost)  
  24  2:33  Adept  
  27  2:40  Probe (Chrono Boost)  
  27  2:41  Warp Gate  
  28  2:46  Probe (Chrono Boost)  
  28  2:50  Probe (Chrono Boost)  
  30  2:56  Probe (Chrono Boost)  
  31  3:01  Probe (Chrono Boost), Robotics Facility  
  31  3:04  Adept  
  34  3:08  Probe (Chrono Boost)  
  34  3:11  Probe (Chrono Boost)  
  36  3:15  Assimilator  
  36  3:19  Probe (Chrono Boost)  
  37  3:21  Probe (Chrono Boost), Pylon  
  38  3:29  Probe (Chrono Boost)  
  38  3:31  Adept  
  41  3:40  Probe x2 (Chrono Boost)  
  43  3:46  Gateway  
  43  3:47  Gateway  
  43  3:48  Gateway  
  43  3:50  Probe (Chrono Boost)  
  44  3:58  Warp Prism  
  44  4:01  Probe x2 (Chrono Boost)  
  48  4:10  Pylon  
  48  4:11  Probe (Chrono Boost)  
  49  4:17  Probe (Chrono Boost)  
  49  4:21  Probe (Chrono Boost)  
  51  4:25  Pylon  
  51  4:27  Probe (Chrono Boost)  
  52  4:58  Twilight Council  
  52  5:00  Adept x3  
  52  5:01  Adept, Pylon  
  52  5:05  Pylon  
  60  5:07  Probe x2 (Chrono Boost)  
  60  5:11  Assimilator  
  62  5:16  Pylon  
  62  5:17  Probe (Chrono Boost)  
  62  5:18  Immortal  
  67  5:27  Probe (Chrono Boost)  
  68  5:34  Zealot x2  
  68  5:35  Zealot x2  
  76  5:56  Probe x2 (Chrono Boost)  
  70  5:59  Immortal  
  70  6:02  Adept x4  
  80  6:06  Probe (Chrono Boost)  
  73  6:20  Nexus  
  73  6:21  Probe (Chrono Boost)  
  73  6:22  Probe (Chrono Boost)  
  73  6:24  Pylon  
  75  6:27  Pylon  
  75  6:30  Probe  
  75  6:32  Pylon  
  75  6:36  Stalker x3  
  75  6:37  Stalker, Shield Upgrade (Chrono Boost)  
  75  6:38  Immortal  
  87  6:50  Probe  
  87  6:52  Probe  
  89  7:04  Probe  
  89  7:10  Adept x4  
  96  7:17  Probe  
  96  7:19  Probe  
  96  7:21  Immortal  
  102  7:27  Gateway  
  102  7:29  Forge  
  102  7:31  Probe  
  102  7:33  Probe x2  
  102  7:34  Gateway  
  105  7:42  Templar Archives  
  105  7:43  Probe  
  105  7:44  Probe  
  106  7:45  Gateway  
  106  7:47  Blink (Chrono Boost)  
  107  7:58  Probe x2  
  107  7:59  Probe  
  107  8:00  Observer (Chrono Boost)  
  107  8:02  Assimilator  
  111  8:06  Assimilator  
  111  8:08  Probe x2  
  111  8:11  Probe  
  114  8:14  Photon Cannon  
  114  8:17  Psionic Storm, Photon Cannon  
  114  8:19  Warp Prism (Chrono Boost)  
  114  8:20  Pylon  
  96  8:44  Protoss Ground Weapons Level 1 (Chrono Boost)  
  80  8:49  Immortal (Chrono Boost)  
  76  9:04  Gateway  
  76  9:07  Gateway, High Templar x6  
  88  9:11  Gateway  
  88  9:12  Pylon  
  88  9:14  Gateway  
  88  9:16  Pylon  
  88  9:19  Pylon  
  88  9:23  Adept, Pylon  
  90  9:24  Observer  
  91  9:39  Immortal  
  91  9:42  Adept x6  
  107  9:56  Adept  
  109  10:04  Adept x2  
  109  10:05  Adept x4  
  121  10:07  Adept x3  
  121  10:13  Robotics Bay  
  127  10:16  Immortal  
  127  10:19  Photon Cannon  
  127  10:21  Photon Cannon  
  127  10:23  Protoss Ground Weapons Level 2 (Chrono Boost)  
  125  10:36  Archon x2  
  125  10:38  Adept x4  
  125  10:39  Adept x5  
  125  10:40  Adept x2  
  117  11:01  Probe  
  117  11:03  Probe x2, Colossus  
  120  11:09  Mothership Core  
  120  11:15  Extended Thermal Lance  
  120  11:16  Charge  
  128  11:24  Nexus  
  128  11:25  Zealot x3  
  130  11:26  Pylon, Zealot x4  
  130  11:28  Pylon  
  130  11:31  Pylon  
  142  11:33  Pylon  
  142  11:35  Pylon  
  142  11:51  Colossus  
  148  12:13  High Templar x3  
  148  12:14  High Templar  
  156  12:15  Zealot x2  
  156  12:16  Zealot x4  
  166  12:28  Protoss Ground Weapons Level 3 (Chrono Boost)  
  163  12:51  Gateway  
  157  12:52  Gateway  
  157  12:53  Photon Cannon  
  157  12:55  Photon Cannon  
  157  12:56  Photon Cannon  
  118  13:01  Adept x2  
  118  13:02  Adept x5  
  103  13:08  Adept x4  
  103  13:12  Probe  
  102  13:13  Probe  
  102  13:14  Probe x2  
  96  13:44  Stalker x4  
  104  13:48  Colossus  
  104  14:01  Probe  
  111  14:02  Probe  
  111  14:03  Probe  
  111  14:04  Assimilator  
  112  14:26  Probe x2  
  112  14:28  Probe x2  
  105  14:39  Protoss Ground Armor Level 1 (Chrono Boost)  
  105  14:42  High Templar x6  
  105  14:43  High Templar  
  119  14:45  Zealot  
  119  14:46  Zealot x3  
  127  14:56  Stalker x2  
  131  15:05  Observer  
  132  15:19  Stalker x5  
  125  15:38  Archon x2  
  125  15:39  Archon  
  77  15:52  Colossus  
  73  16:08  Probe  
  73  16:09  Probe  
  73  16:10  Probe  
  73  16:11  Probe  
  77  16:18  Probe  
  77  16:19  Probe  
  77  16:23  Assimilator  
  77  16:25  Probe x2  
  81  16:29  Probe x2  
  83  16:37  Adept x7  
  96  16:59  Stalker x3  
  102  17:03  Probe x2  
  102  17:05  Probe x2  
  106  17:19  Stalker x2  
  106  17:20  Stalker  
  112  17:29  Nexus  
  112  17:35  Pylon  
  112  18:03  Mothership Core  
  114  18:07  High Templar x3  
  114  18:08  High Templar x7  
  114  18:11  Zealot  
  114  18:12  Zealot x2  
  131  18:45  Zealot x2  
  131  18:49  Adept x6  
  112  19:20  Archon  
  112  19:21  Archon  
  112  19:22  High Templar x5  
  112  19:23  Zealot x5  
  112  19:24  Zealot x2  
  113  19:28  Probe  
  98  19:33  Archon  
  98  19:34  Archon  
  98  19:35  Archon  
Show
View Real Time Build Order
Export as new Build Order

cALpiCo Zerg - Winner!

Build Orders: Hatch First, Lurkers 

Get SALT Encoding   

  12  0:01  Drone  
  13  0:08  Drone  
  14  0:17  Overlord  
  14  0:24  Extractor  
  14  0:25  Drone  
  15  0:37  Drone  
  15  0:41  Drone  
  17  0:55  Hatchery  
  16  0:58  Drone  
  16  1:01  Drone  
  18  1:15  Spawning Pool  
  17  1:24  Drone x2  
  19  1:35  Drone  
  19  1:38  Extractor  
  19  1:50  Drone  
  19  1:51  Hatchery  
  19  1:53  Drone  
  20  2:06  Queen  
  22  2:12  Queen  
  24  2:19  Zergling x2  
  24  2:20  Zergling x2  
  26  2:23  Drone  
  26  2:27  Drone  
  28  2:34  Overlord  
  28  2:43  Metabolic Boost  
  28  2:52  Queen  
  30  3:03  Queen  
  32  3:07  Drone x2  
  32  3:08  Drone  
  32  3:10  Drone, Spine Crawler  
  35  3:15  Drone x2  
  35  3:17  Drone  
  38  3:22  Drone x2  
  40  3:35  Drone x2, Overlord  
  42  3:41  Overlord  
  42  3:53  Queen  
  42  3:54  Drone x2  
  42  3:55  Drone x4  
  50  3:57  Overlord  
  50  4:02  Drone x4  
  54  4:08  Spine Crawler  
  53  4:11  Drone x3  
  53  4:12  Drone  
  53  4:14  Zergling x2  
  58  4:17  Zergling x2  
  58  4:18  Zergling x4  
  58  4:23  Extractor x2  
  59  4:26  Extractor  
  57  4:44  Drone x8  
  64  4:47  Drone  
  64  4:51  Overlord  
  65  5:02  Overlord  
  65  5:05  Overlord  
  65  5:23  Drone x2  
  65  5:24  Drone x6  
  65  5:25  Zergling x4  
  65  5:26  Zergling x4  
  77  5:28  Lair  
  77  5:31  Drone x3  
  77  5:32  Drone  
  77  5:33  Roach Warren  
  77  5:34  Evolution Chamber x2  
  77  5:36  Zergling x2  
  77  5:40  Zergling x2  
  77  5:41  Zergling x2  
  68  5:51  Zergling x10  
  68  5:53  Zergling x6  
  72  6:06  Zergling x6  
  72  6:08  Zergling x6  
  76  6:11  Drone  
  76  6:12  Drone x3  
  76  6:13  Drone  
  80  6:24  Drone  
  80  6:25  Drone x2  
  83  6:29  Glial Reconstitution  
  83  6:30  Zerg Missile Weapons Level 1  
  83  6:31  Zerg Ground Armor Level 1  
  83  6:32  Overlord  
  83  6:34  Overlord x2  
  83  6:35  Extractor x2  
  74  7:04  Zergling x4  
  74  7:05  Zergling x2  
  72  7:13  Roach x15  
  72  7:14  Roach x2  
  104  7:22  Drone  
  105  7:23  Drone, Hydralisk Den  
  105  7:26  Drone  
  106  7:31  Hatchery  
  106  7:35  Pneumatized Carapace  
  106  7:36  Overlord x2  
  105  7:37  Overlord  
  105  7:44  Lurker Den  
  105  7:56  Overlord  
  105  7:59  Hydralisk x9  
  123  8:17  Hydralisk  
  123  8:18  Hydralisk x8  
  123  8:19  Overlord  
  118  8:45  Zergling x2  
  118  8:46  Zergling x28  
  117  9:03  Overlord  
  117  9:06  Spire, Zerg Ground Armor Level 2, Zerg Missile Weapons Level 2  
  117  9:07  Burrow  
  117  9:09  Hydralisk  
  116  9:10  Hydralisk x4  
  126  9:22  Drone x3  
  126  9:23  Drone  
  130  9:34  Hatchery  
  130  9:36  Roach x10  
  130  9:37  Roach  
  151  9:43  Hatchery  
  144  9:53  Hydralisk x3, Roach  
  144  9:54  Roach x3  
  144  9:56  Overlord  
  157  10:02  Roach  
  157  10:03  Overlord  
  159  10:19  Overlord  
  161  10:21  Lurker x3  
  161  10:22  Overlord, Lurker x3  
  161  10:28  Drone x6  
  81  10:57  Mutalisk, Hydralisk x4  
  81  10:58  Hydralisk x3, Roach x7  
  81  10:59  Roach  
  81  11:02  Overlord  
  113  11:05  Hydralisk  
  113  11:08  Zergling x12  
  115  11:38  Overlord  
  115  11:48  Hydralisk x7, Roach  
  115  11:49  Hydralisk, Roach x7  
  115  11:53  Roach x2  
  115  11:54  Roach x3  
  157  11:56  Zergling x4  
  159  12:05  Hydralisk x2  
  159  12:06  Roach x2  
  167  12:11  Lurker  
  167  12:13  Lurker  
  168  12:25  Overlord  
  168  12:28  Lurker x2  
  168  12:32  Roach, Zergling x2  
  168  12:33  Zergling x26  
  168  12:36  Overlord  
  183  12:38  Drone  
  121  13:05  Overseer x2  
  121  13:07  Drone x4  
  121  13:08  Drone x3  
  121  13:10  Zergling x14  
  121  13:11  Zergling x18  
  126  13:18  Overlord  
  126  13:19  Drone x3  
  125  13:31  Extractor x2  
  123  13:45  Spine Crawler  
  122  13:49  Overlord  
  122  13:55  Queen  
  122  13:56  Spine Crawler  
  122  13:57  Drone x3  
  122  14:01  Overlord  
  118  14:31  Overlord  
  118  14:34  Corruptor x7  
  118  14:37  Zerg Flyer Weapons Level 1  
  118  14:38  Hydralisk x4, Roach x2  
  130  14:39  Roach x3  
  130  14:44  Zerg Melee Weapons Level 1  
  130  14:45  Infestation Pit  
  145  14:46  Drone x3  
  145  14:48  Drone x2  
  150  14:55  Hydralisk  
  150  14:56  Roach x3  
  154  15:00  Hydralisk  
  154  15:01  Roach  
  158  15:11  Lurker x6  
  164  15:20  Corruptor  
  164  15:21  Corruptor  
  166  15:27  Hive  
  136  15:47  Hydralisk  
  136  15:48  Hydralisk x4, Roach x4  
  136  15:49  Roach x2  
  156  15:55  Overlord  
  144  15:57  Zergling x22  
  144  15:58  Zergling x6  
  157  16:09  Extractor  
  156  16:23  Hatchery  
  155  16:25  Overlord  
  148  16:51  Corruptor x2  
  148  16:52  Hydralisk x5  
  148  16:53  Hydralisk, Roach x7  
  177  16:56  Ultralisk Cavern  
  177  16:57  Zerg Ground Armor Level 3, Zerg Melee Weapons Level 2  
  176  17:20  Lurker x2  
  176  17:21  Lurker  
  179  17:23  Greater Spire  
  179  17:36  Hydralisk x4, Roach x3  
  179  17:37  Roach x3  
  197  17:45  Lurker x2  
  197  18:21  Lurker x2  
  192  18:42  Brood Lord x3  
  192  18:43  Overlord  
  164  19:23  Hydralisk x2  
  164  19:24  Hydralisk x6, Roach x4  
  164  19:25  Roach x4  
  182  19:34  Overlord  
Tags
 
Add a new tag
Caveats
  • Supply blocks, unpowered buildings, or Contaminate may cause inaccurate times.
  • Supply counts are checked every 10 seconds.